 Seeded DCSS version 0.30-a0-883-g5ad918d77d (webtiles) character file.

Game seed: 14609914237634571499 (custom seed)

12 hikkokomori the Slasher (level 2, 0/23 HPs)
             Began as a Merfolk Gladiator on Mar 18, 2023.
             Succumbed to a kobold's poison
             ... on level 1 of the Dungeon.
             The game lasted 00:00:41 (127 turns).

hikkokomori the Slasher (Merfolk Gladiator)          Turns: 127, Time: 00:00:41

Health: 0/23       AC:  4    Str: 14    XL:     2   Next: 33%
Magic:  2/2        EV: 13    Int:  7    God:
Gold:   17         SH:  0    Dex: 15    Spells: 1/1 levels left

rFire   . . .      SeeInvis .    a - +0 long sword
rCold   . . .      Faith    .    (no shield)
rNeg    . . .      Spirit   .    b - +0 leather armour
rPois   .          Reflect  .    c - +0 helmet
rElec   .          Rampage  .    (no cloak)
rCorr   .                        (no gloves)
Will    .....                    (no boots)
Stlth   +                        (no amulet)
HPRegen 0.23/turn                (no ring)
MPRegen 0.08/turn                (no ring)

@: lethally poisoned (0 -> -5), about to teleport, weak-willed
A: (nimble swimmer 2), mertail
a: no special abilities


You were on level 1 of the Dungeon.
You visited 1 branch of the dungeon, and saw 1 of its levels.

You collected 17 gold pieces.

Inventory:

Hand Weapons
 a - a +0 long sword (weapon)
 f - a +0 dagger of venom
Missiles
 d - 3 throwing nets (quivered)
 e - a javelin
Armour
 b - a +0 leather armour (worn)
 c - a +0 helmet (worn)
 g - a +2 helmet of see invisible


   Skills:
 + Level 2.5 Fighting
 * Level 4.1 Long Blades
 - Level 2.0 Throwing
 - Level 4.0 Dodging
 + Level 0.9 Stealth


You had one spell level left.
You didn't know any spells.
Your spell library was empty.

Dungeon Overview and Level Annotations

Branches:
Dungeon (1/15)

Altars:


Innate Abilities, Weirdness & Mutations

((You are very nimble when in or above water. (Stealth+, EV+, Speed+++)))
Your lower body shifts to a powerful aquatic tail in water.


Message History

You are lethally poisoned!
You slash the kobold!
You kill the kobold!
You feel very sick.
You are too injured to fight recklessly!
You are too injured to fight recklessly!
You are too injured to fight recklessly!
You are too injured to fight recklessly!
You are too injured to fight recklessly!
You are too injured to fight recklessly!
You are too injured to fight recklessly!
You are too injured to fight recklessly!
You are too injured to fight recklessly!
You are too injured to fight recklessly!
You are too injured to fight recklessly!
You are too injured to fight recklessly!
You are too injured to fight recklessly!
There is a lethal amount of poison in your body!
There is a lethal amount of poison in your body!
There is a lethal amount of poison in your body!
* * * LOW HITPOINT WARNING * * *
You feel very sick.
You see here a +0 dagger of venom.
You aren't carrying any potions.
As you read the scroll labelled RIXTASM UDEA, it crumbles to dust.
Magic quickly surges around you.
It was a scroll of vulnerability.
* * * LOW HITPOINT WARNING * * *
You feel very sick.
Sorry, you're not good enough to have a special ability.
As you read the scroll labelled MUK ITANWITOT, it crumbles to dust.
You feel strangely unstable.
It was a scroll of teleportation.
* * * LOW HITPOINT WARNING * * *
You feel sick.
This is a scroll of acquirement!
Something appears at your feet!
* * * LOW HITPOINT WARNING * * *
You feel sick.
Unknown command.
f - a +0 dagger of venom;
g - a +2 helmet of see invisible You die...

#...........##
#.########...#####
#.# #....#......
#.# #.........##
#.# #.#######...
#.# #. #.##
##.#####.# #.#.
#........# #.#.
#.@####..# #.#.
#..# ##.#. #..#
.######.... #..#
........... #...
........... #..#
........... #..#
..........† #..#
..#########
..#########


There were no monsters in sight!

Vanquished Creatures
  A ball python (D:1)
  3 endoplasms (D:1)
  2 hobgoblins (D:1)
  A bat (D:1)
  A frilled lizard (D:1)
  3 kobolds (D:1)
  A rat (D:1)
12 creatures vanquished.

Notes
Turn   | Place    | Note
-------+----------+-------------------------------------------
     0 | D:1      | hikkokomori the Merfolk Gladiator began the quest for the
                  | Orb.
     0 | D:1      | Reached XP level 1. HP: 16/16 MP: 1/1
    44 | D:1      | Reached XP level 2. HP: 21/23 MP: 2/2
   126 | D:1      | Identified a scroll of acquirement
   126 | D:1      | Acquired a +2 helmet of see invisible
   126 | D:1      | HP: 1/23 [poisoned by a kobold]
   127 | D:1      | Succumbed to a kobold's poison

Illustrated notes

Levels and vault maps discovered:
D:1:      dpeg_arrival_tiny_b, layout_loops_ring

Skill      XL: |  1 |
---------------+----+-----
Long Blades    | 4 |  4.1
Fighting       | |  2.5
Throwing       | |  2.0
Dodging        | |  4.0
Stealth        | |  0.9

Action                     || total
---------------------------++-------
  Melee: Long sword        ||    26
    Use: Scroll            ||     3
 Armour: Leather armour    ||     4
  Dodge: Dodged            ||    19

Table legend: (Time is in decaauts)
 A = Elapsed time spent in this place.
 B = Non-inter-level travel time spent in this place.
 C = Inter-level travel time spent in this place.
 D = Time resting spent in this place.
 E = Time spent auto-exploring this place.
 F = Levels seen in this place.
 G = Mean time per level.
                   A        B        C        D        E       F      G
               +--------+--------+--------+--------+--------+-----+--------+
         Total |    132 |    132 |      0 |      0 |     72 |   1 |  132.0 |
       Dungeon |    132 |    132 |      0 |      0 |     72 |   1 |  132.0 |
               +--------+--------+--------+--------+--------+-----+--------+

Top non-repeatable levels by time:
     D:1: 132 daAuts
